 Dungeon Crawl Stone Soup version 0.21-a0-442-g848f44b (webtiles) character file.

26 slep the Cutter (level 3, -3/23 HPs)
             Began as a Halfling Wanderer on Nov 15, 2017.
             Slain by an adder (4 damage)
             ... on level 2 of the Dungeon.
             The game lasted 00:02:46 (449 turns).

slep the Cutter (Halfling Wanderer)                  Turns: 449, Time: 00:02:46

Health: -3/23      AC:  2    Str: 14    XL:     3   Next: 22%
Magic:  3/3        EV: 15    Int:  9    God:
Gold:   52         SH:  0    Dex: 14    Spells: 2/2 levels left

rFire    + . .     SeeInvis .   a - +2 dagger
rCold    x . .     Gourm    .   (shield restricted)
rNeg     . . .     Faith    .   e - +0 robe
rPois    .         Spirit   .   (no helmet)
rElec    .         Reflect  .   (no cloak)
rCorr    .         Harm     .   (no gloves)
MR       .....                  (no boots)
Stlth    ++........             (no amulet)
HPRegen  0.07/turn              m - ring of fire
MPRegen  0.08/turn              (no ring)

@: lethally poisoned (-3 -> -20)
A: mutation resistance 1
a: no special abilities


You were on level 2 of the Dungeon.
You were not hungry.

You visited 1 branch of the dungeon, and saw 2 of its levels.

You collected 52 gold pieces.

Inventory:

Hand Weapons
 a - a +2 dagger (weapon)
 d - a +0 falchion
Armour
 e - a +0 robe (worn)
Jewellery
 m - a ring of fire (left hand)
Scrolls
 h - 3 scrolls of identify {unknown}
 i - 2 scrolls of teleportation {unknown}
 k - a scroll of remove curse {unknown}
 l - a scroll of magic mapping {unknown}
Potions
 b - a potion of heal wounds
 c - a potion of curing
 g - a potion of haste {unknown}
Comestibles
 f - 3 bread rations
 j - a royal jelly


   Skills:
 + Level 1.1 Fighting
 + Level 2.9(3.5) Short Blades
 + Level 2.4(2.9) Long Blades
 + Level 2.4 Dodging
 + Level 2.9 Stealth
   Level 1.1 Shields


You had 2 spell levels left.
You didn't know any spells.

Dungeon Overview and Level Annotations

Branches:
Dungeon (2/15)

Altars:


Innate Abilities, Weirdness & Mutations

You are small and have problems with some larger weapons.
You are somewhat resistant to further mutation.


Message History

You hit the adder.
The adder is heavily wounded.
The adder bites you.
You are poisoned.
The adder poisons you! The adder bites you.
You are more poisoned.
The adder poisons you!
You closely miss the adder.
The adder is heavily wounded.
You feel sick. The adder bites you. x2
You hit the adder.
The adder is severely wounded.
* * * LOW HITPOINT WARNING * * *
You feel sick. The adder barely misses you. The adder closely misses you.
* * * LOW HITPOINT WARNING * * *
You feel sick. The adder bites you.
* * * LOW HITPOINT WARNING * * *
You are more poisoned.
The adder poisons you! The adder bites you.
You die...

.################
..................
.#...#..S#...#..$#
.......@S.........
##...#...#...#...#
#.................
#################


You could see 2 adders.

Vanquished Creatures
  An ooze (D:1)
  A dart slug (D:1)
  A leopard gecko (D:1)
  2 giant cockroaches (D:1)
  A goblin (D:1)
  2 hobgoblins (D:1)
  4 bats (D:1)
  A frilled lizard (D:1)
  4 kobolds (D:1)
  2 rats (D:1)
19 creatures vanquished.

Notes
Turn   | Place    | Note
-------+----------+-------------------------------------------
     0 | D:1      | slep the Halfling Wanderer began the quest for the Orb.
     0 | D:1      | slep set off with: a +2 dagger, a potion of heal wounds, a potion of curing, a +0 falchion, a +0 robe, a bread ration
     0 | D:1      | Reached XP level 1. HP: 13/13 MP: 1/1
    76 | D:1      | Reached XP level 2. HP: 18/18 MP: 2/2
   196 | D:1      | Reached XP level 3. HP: 18/23 MP: 3/3
   449 | D:2      | HP: 1/23 [adder (4)]
   449 | D:2      | Slain by an adder

Vault maps used:
D:1:      lemuel_arrival_hallway
D:2:      lemuel_coloured_pillars_altar, first_bread,
          nemelex_diamond_rough_becter, uniq_robin

Action                   || total
-------------------------++-------
Melee: Dagger            ||    63
 Stab: Sleeping          ||     5
Armor: Robe              ||     7
Dodge: Dodged            ||    45

Table legend:
 A = Spawn XP
 B = Non-spawn XP
 C = Spawn XP percentage of total XP
 D = Spawn monster count
 E = Non-spawn monster count
 F = Spawn count percentage of total count
 G = Total turns spent on level
                    A         B        C        D         E        F      G
               +---------+---------+-------+---------+---------+-------+---------
         Total |       0 |      38 |   0.0 |       0 |      19 |   0.0 |   449
               +---------+---------+-------+---------+---------+-------+---------
           D:1 |       0 |      38 |   0.0 |       0 |      19 |   0.0 |   433
               +---------+---------+-------+---------+---------+-------+---------
